 Dungeon Crawl Stone Soup version 0.17.1-3-g152610e (webtiles) character file.

8488 Jerry the Zephyrmancer (level 11, -1/74 HPs)
             Began as a Purple Draconian Air Elementalist on Mar 28, 2016.
             Was a High Priest of Vehumet.
             Slain by Maud
             ... wielding a +1 long sword
              (27 damage)
             ... on level 9 of the Dungeon on Mar 29, 2016.
             The game lasted 01:54:09 (12196 turns).

Jerry the Zephyrmancer (DrAE)                      Turns: 12196, Time: 01:54:13

Health: -1/74      AC:  9    Str: 11      XL:     11   Next: 10%
Magic:  11/23      EV: 15    Int: 19      God:    Vehumet [*****.]
Gold:   484        SH:  0    Dex:  9 (11) Spells: 7 memorised, 4 levels left

rFire  . . .     SeeInvis .     m - staff of wizardry
rCold  + . .     Clarity  +     (armour unavailable)
rNeg   . . .     SustAt   .     (no shield)
rPois  .         Gourm    .     (helmet restricted)
rElec  .         Spirit   .     (no cloak)
rCorr  .         Warding  .     (no gloves)
rMut   .         Stasis   .     (no boots)
MR     +....                    (no amulet)
Stlth  ++........               q - +2 ring of protection
                                n - ring of protection from cold

@: somewhat resistant to hostile enchantments, unstealthy
A: breathe power, unfitting armour, stinger 1, blurry vision 1, clarity,
deterioration 1, cold-blooded, AC +7
a: Breathe Dispelling Energy, Renounce Religion


You were on level 9 of the Dungeon.
You worshipped Vehumet.
Vehumet was extremely pleased with you.
You were not hungry.

You visited 1 branch of the dungeon, and saw 10 of its levels.

You collected 484 gold pieces.

Inventory:

Hand Weapons
 k - the +6 arbalest "Hellfire" {hellfire, rF++ rC- MR+}
   (You found it on level 9 of the Dungeon)

   It greatly protects you from fire.
   It makes you vulnerable to cold.
   It affects your resistance to hostile enchantments.
 N - a +1 flail of protection
Magical Staves
 m - an uncursed staff of wizardry (weapon)
Jewellery
 f - a +3 ring of evasion
 n - a ring of protection from cold (left hand)
 q - a +2 ring of protection (right hand)
 L - the ring "Wiyhetuk" {+Blink Str+3 Int+3 Dex-3 SInv}
   (You took it off an orc wizard on level 7 of the Dungeon)

   [ring of see invisible]

   It affects your strength (+3).
   It affects your intelligence (+3).
   It affects your dexterity (-3).
   It lets you see invisible.
   It lets you blink.
Wands
 z - a wand of random effects (31)
 H - a wand of slowing (16)
Scrolls
 g - 3 scrolls of enchant armour
 r - 3 scrolls of fog
 u - a scroll of magic mapping
 C - 3 scrolls of teleportation
 D - a scroll of enchant weapon
 F - 4 scrolls of remove curse
Potions
 c - a potion of invisibility {unknown}
 d - 3 potions of flight
 e - a potion of cancellation
 l - a potion of degeneration {unknown}
 p - a potion of brilliance
 t - 3 potions of curing
 v - 2 potions of haste
 w - a potion of magic {unknown}
 x - a potion of lignification {unknown}
 A - a potion of poison {unknown}
 G - a potion of agility {unknown}
 J - a potion of cure mutation {unknown}
Books
 a - a book of Air

   Spells                             Type                      Level
   a - Shock                          Conjuration/Air              1
   b - Swiftness                      Charms/Air                   2
   c - Repel Missiles                 Charms/Air                   2
   d - Static Discharge               Conjuration/Air              3
   e - Lightning Bolt                 Conjuration/Air              5
 E - a book of the Sky

   Spells                             Type                      Level
   a - Summon Lightning Spire         Summoning/Air                4
   b - Airstrike                      Air                          4
   c - Silence                        Hexes/Air                    5
   d - Deflect Missiles               Charms/Air                   6
   e - Conjure Ball Lightning         Conjuration/Air              6
   f - Tornado                        Air                          9
 I - a book of the Dragon

   Spells                             Type                      Level
   a - Flame Tongue                   Conjuration/Fire             1
   b - Cause Fear                     Hexes                        4
   c - Bolt of Fire                   Conjuration/Fire             6
   d - Dragon Form                    Transmutation                7
   e - Dragon's Call                  Summoning                    9
Comestibles
 b - 7 bread rations
 h - a chunk of flesh
 i - 2 slices of pizza
 j - 5 beef jerkies
 o - 13 fruits
 s - 4 meat rations
 M - a royal jelly


   Skills:
 - Level 8.7 Dodging
 - Level 2.4 Stealth
 - Level 8.6 Spellcasting
 - Level 5.0 Conjurations
 + Level 6.0 Transmutations
 - Level 10.1 Air Magic


You had 4 spell levels left.
You knew the following spells:

 Your Spells              Type           Power        Failure   Level  Hunger
a - Shock                 Conj/Air       ####         1%          1    None
b - Swiftness             Chrm/Air       ####....     1%          2    None
c - Sting                 Conj/Pois      ###.         1%          1    None
d - Lightning Bolt        Conj/Air       #####.....   1%          5    #####..
e - Airstrike             Air            #####.....   1%          4    ###....
f - Mephitic Cloud        Conj/Pois/Air  ####....     1%          3    None
g - Dragon Form           Trmt           ####......   99%         7    #######


Dungeon Overview and Level Annotations

Branches:
Dungeon (10/15)            Temple (0/1) D:6
   Lair: D:8-11         Orc: D:9-12

Altars:
Fedhas
Nemelex Xobeh
Vehumet
Xom

Shops:
D:4 %

Annotations:
D:9 Maud


Innate Abilities, Weirdness & Mutations

You can breathe bolts of dispelling energy.
Your rich purple scales are hard (AC +7).
Your body does not fit into most forms of armour.
You are cold-blooded and may be slowed by cold attacks.
Your tail ends in a poisonous barb.
Scrolls take you a little longer to read.
You possess an exceptional clarity of mind.
Your body sometimes deteriorates upon taking damage.


Message History

Casting: Shock
Confirm with . or Enter, or press ? or * to list all spells.
Aiming: Shock
Press: ? - help, Shift-Dir - straight line, f/p - Maud
Aim: Maud, wielding an enchanted long sword and wearing a chain mail (lightly wounded)
The zap hits Maud.
Maud is lightly wounded.
Casting: Shock
Confirm with . or Enter, or press ? or * to list all spells.
Aiming: Mephitic Cloud
Press: ? - help, Shift-Dir - straight line, f/p - Maud
Aim: Maud, wielding an enchanted long sword and wearing a chain mail (lightly wounded)
The ball explodes into a vile cloud!
The stinking cloud engulfs Maud.
Maud is lightly wounded.
The stinking cloud engulfs you!
You are engulfed in noxious fumes.
You choke on the stench!
You feel momentarily confused.
Maud is engulfed in noxious fumes.
Maud looks upset.
Maud hits you with an enchanted long sword!!
You die...

################.# ###
#................# ..#
#.....######.....#
..########.....#..<.#.....#
...............#....#.....#
...............'....#..(..#######
#####..........######............
# #.#######............>....... #
#.#.....#...@§............... #
#.#.....#...§@§......#'##.... #
#.#.....#...§§§....(.#..##### #
#.#.....#....§§......#....... #
#.#.....##...........#....... #
#.'......#...........#....... #
#.#.....##...........#....... #
#.#.....#..######....#.......
#####.#.....#..# #....#.......


You could see Maud.

Vanquished Creatures
  Erolcha (D:10)
  Pikel (D:6)
  A hill giant (D:8)
  A troll (D:9)
  Prince Ribbit (D:5)
  4 yaks (D:9)
  Eustachio (D:4)
  A wyvern (D:9)
  A hungry ghost (D:8)
  Menkaure (D:4)
  A hippogriff (D:9)
  Edmund (D:4)
  2 ice beasts (D:9)
  A black bear (D:9)
  A sky beast (D:6)
  3 ogres (D:9)
  4 phantoms
  5 centaurs
  6 orc warriors
  4 crocodiles
  A necrophage (D:8)
  3 giant frogs
  Blork the orc (D:6)
  A water moccasin zombie (D:7)
  2 jellies
  A big kobold (D:7)
  6 scorpions
  An electric eel (D:7)
  7 wights
  2 centaur zombies
  3 hounds
  2 quasits (D:9)
  2 crimson imps
  17 orc wizards
  2 giant frog skeletons
  7 orc priests
  3 centaur skeletons
  2 iguanas
  9 worker ants
  A hound skeleton (D:8)
  3 river rats
  A worker ant zombie (D:5)
  13 adders
  3 shadow imps
  An ooze (D:1)
  3 adder skeletons
  An adder zombie (D:5)
  2 worms (D:2)
  8 giant geckos
  35 orcs
  9 bats
  4 hobgoblins
  8 jackals
  6 quokkas
  4 ball pythons
  6 giant cockroaches
  4 giant newts
  10 goblins
  5 kobolds
  12 rats
  A butterfly (D:6)
253 creatures vanquished.

Vanquished Creatures (others)
  4 slaves (D:6)
  2 centaur skeletons (D:6)
  A hound (D:6)
  A worker ant (D:6)
  4 orcs (D:6)
12 creatures vanquished.

Grand Total: 265 creatures vanquished

Notes
Turn   | Place    | Note
--------------------------------------------------------------
     0 | D:1      | Jerry the Draconian Air Elementalist began the quest for the Orb.
     0 | D:1      | Reached XP level 1. HP: 14/14 MP: 3/3
   232 | D:1      | Reached XP level 2. HP: 12/20 MP: 0/5
   832 | D:2      | Found a radiant altar of Vehumet.
   837 | D:2      | Reached skill level 4 in Air Magic
   851 | D:2      | Became a worshipper of Vehumet
   867 | D:2      | Reached XP level 3. HP: 19/26 MP: 1/6
  1175 | D:2      | Found a sparkling altar of Nemelex Xobeh.
  1628 | D:2      | Reached XP level 4. HP: 33/33 MP: 1/7
  2126 | D:2      | Learned a level 2 spell: Swiftness
  2681 | D:3      | Reached * piety under Vehumet
  2681 | D:3      | Offered knowledge of Sting by Vehumet.
  2685 | D:3      | Learned a level 1 spell: Sting
  2948 | D:4      | Reached skill level 5 in Air Magic
  2948 | D:4      | Reached XP level 5. HP: 36/38 MP: 2/8
  3396 | D:4      | Reached XP level 6. HP: 40/45 MP: 4/9
  3930 | D:4      | Found Xeuwk's Food Emporium.
  4465 | D:4      | Reached ** piety under Vehumet
  4465 | D:4      | Offered knowledge of Magic Dart by Vehumet.
  4477 | D:4      | Noticed Edmund
  4482 | D:5      | Entered Level 5 of the Dungeon
  4482 | D:5      | Noticed Eustachio
  4519 | D:4      | Your scales start taking on a rich purple colour.
  4519 | D:4      | Reached XP level 7. HP: 40/50 MP: 4/11
  4544 | D:4      | Killed Edmund
  4544 | D:4      | Reached skill level 6 in Air Magic
  4921 | D:4      | Noticed Menkaure
  4934 | D:4      | Killed Menkaure
  5227 | D:4      | Killed Eustachio
  5227 | D:4      | Reached skill level 5 in Dodging
  5403 | D:5      | Reached XP level 8. HP: 57/57 MP: 8/14
  5719 | D:5      | Noticed Prince Ribbit
  5728 | D:5      | Killed Prince Ribbit
  5728 | D:5      | Reached skill level 5 in Spellcasting
  5728 | D:5      | Reached skill level 7 in Air Magic
  6118 | D:6      | Noticed Pikel
  6137 | D:6      | Killed Pikel
  6393 | D:6      | Offered knowledge of Inner Flame by Vehumet.
  6393 | D:6      | Reached XP level 9. HP: 62/62 MP: 6/18
  6400 | D:6      | Learned a level 5 spell: Lightning Bolt
  6473 | D:6      | Found a staircase to the Ecumenical Temple.
  6647 | D:6      | Reached skill level 8 in Air Magic
  6726 | D:6      | Noticed Blork the orc
  6802 | D:6      | Killed Blork the orc
  6802 | D:6      | Reached *** piety under Vehumet
  6814 | D:6      | Found a shimmering altar of Xom.
  7000 | D:6      | Learned a level 4 spell: Airstrike
  7018 | D:6      | Reached skill level 5 in Conjurations
  7073 | D:6      | Gained mutation: Your tail ends in a poisonous barb. [mutagenic meat]
  7074 | D:6      | Gained mutation: You possess an exceptional clarity of mind. [mutagenic meat]
  7075 | D:6      | Gained mutation: Scrolls take you a little longer to read. [mutagenic meat]
  7076 | D:6      | Gained mutation: Your body sometimes deteriorates upon taking damage. [mutagenic meat]
  7571 | D:7      | Offered knowledge of Mephitic Cloud by Vehumet.
  7576 | D:7      | Learned a level 3 spell: Mephitic Cloud
  7845 | D:7      | Reached skill level 9 in Air Magic
  8174 | D:7      | Got an ancient golden ring
  8494 | D:7      | Identified the ring "Wiyhetuk" {+Blink Str+3 Int+3 Dex-3 SInv} (You took it off an orc wizard on level 7 of the Dungeon)
  8636 | D:8      | Reached XP level 10. HP: 58/69 MP: 11/20
  8653 | D:8      | Reached **** piety under Vehumet
  9326 | D:8      | Offered knowledge of Force Lance by Vehumet.
  9780 | D:8      | Found a blossoming altar of Fedhas.
 10412 | D:8      | Noticed a hill giant
 10418 | D:8      | Killed a hill giant
 10418 | D:8      | Reached skill level 10 in Air Magic
 10427 | D:8      | Learned a level 7 spell: Dragon Form
 10471 | D:8      | Reached ***** piety under Vehumet
 10471 | D:8      | Reached skill level 1 in Transmutations
 10644 | D:9      | Offered knowledge of Orb of Destruction by Vehumet.
 11322 | D:10     | Entered Level 10 of the Dungeon
 11322 | D:10     | Noticed Maud
 11668 | D:9      | HP: 1/69 [Maud/enchanted long sword (34)]
 11842 | D:8      | Reached skill level 5 in Transmutations
 11842 | D:8      | Reached XP level 11. HP: 51/74 MP: 10/23
 12009 | D:10     | Noticed Erolcha
 12028 | D:10     | Killed Erolcha
 12196 | D:9      | Slain by Maud

Action                   |  1- 3 |  4- 6 |  7- 9 | 10-12 || total
-------------------------+-------+-------+-------+-------++-------
Melee: Dagger            |    29 |       |       |       ||    29
       Quarterstaff      |    10 |    25 |    26 |       ||    61
       Whip              |       |       |     4 |       ||     4
       Hand axe          |       |       |     5 |       ||     5
 Cast: Shock             |    55 |   114 |   347 |   333 ||   849
       Swiftness         |       |     1 |     1 |     4 ||     6
       Sting             |       |     1 |       |       ||     1
       Lightning Bolt    |       |       |     8 |    15 ||    23
       Airstrike         |       |       |     4 |     5 ||     9
       Mephitic Cloud    |       |       |       |     7 ||     7
 Abil: Breathe Dispellin |       |       |     3 |       ||     3
       Evoke Blink       |       |       |     1 |       ||     1
  Use: Scroll            |     2 |     8 |     1 |     4 ||    15
       Potion            |       |     1 |     2 |     5 ||     8
 Stab: Sleeping          |     4 |     1 |       |       ||     5
  Eat: Chunk             |     3 |    10 |    19 |    12 ||    44
       Fruit             |       |       |     1 |     3 ||     4
